 Dungeon Crawl Stone Soup version 0.29-a0-732-g3d7fbe0af2 (webtiles) character file.

Game seed: 17236663929493954773

105727 Armakuni the Scorcher (level 16, 106/106 HPs)
             Began as a Human Wanderer on June 28, 2022.
             Was an Elder of Elyvilon.
             Quit the game on level 1 of the Lair of Beasts on June 29, 2022.
             The game lasted 01:23:34 (36968 turns).

Armakuni the Scorcher (Human Wanderer)             Turns: 36968, Time: 01:23:35

Health: 106/106    AC: 26    Str: 16    XL:     16   Next: 96%
Magic:  23/23      EV: 32    Int: 14    God:    Elyvilon [****..]
Gold:   713        SH:  5    Dex: 13    Spells: 13/21 levels left

rFire   + . .      SeeInvis +   a - staff of fire
rCold   . . .      Faith    .   C - +0 buckler
rNeg    . . .      Spirit   +   T - +4 ring mail of a wizard's laboratory {rPois Will+ Int-3 SInv}
rPois   +          Reflect  .   B - +2 hat of the Bear Spirit {Spirit, *Rage Will++}
rElec   .          Harm     .   f - +0 cloak
rCorr   .          Rampage  .   F - +0 pair of gloves
Will    ++++.      Rage     20% R - +2 pair of boots {Fly}
Stlth   +.........              V - amulet of the acrobat
HPRegen 0.27/turn               A - ring of the Tortoise {AC+8}
MPRegen 0.18/turn               E - +4 ring of evasion

@: acrobatic, flying
A: no striking features
a: Renounce Religion, Purification, Heal Other, Heal Self


You were on level 1 of the Lair of Beasts.
You worshipped Elyvilon.
Elyvilon was greatly pleased with you.
You visited 5 branches of the dungeon, and saw 25 of its levels.

You collected 2620 gold pieces.
You spent 1907 gold pieces at shops.

Inventory:

Hand Weapons
 U - the +6 whip "Pendulum" {venom, *Corrode +Blink rPois Stlth+}
   (You found it on level 3 of the Lair of Beasts)

   It poisons the flesh of those it strikes.
   rPois:     It protects you from poison.
   +Blink:    It lets you blink.
   *Corrode:  It may corrode you when you take damage.
   Stlth:     It makes you more stealthy.
Missiles
 L - a throwing net
 Z - a curare-tipped dart
Armour
 f - a +0 cloak (worn)
 B - the +2 hat of the Bear Spirit (worn) {Spirit, *Rage Will++}
   (You found it on level 5 of the Lair of Beasts)

   Going berserk makes the wearer tougher, and they're slowed less afterward.
   *Rage:     It berserks you when you make melee attacks (+20% chance).
   Will:      It greatly increases your willpower.
 C - a +0 buckler (worn)
 F - a +0 pair of gloves (worn)
 R - a +2 pair of boots of flying (worn)
 T - the +4 ring mail of a wizard's laboratory (worn) {rPois Will+ Int-3 SInv}
   (You found it on level 15 of the Dungeon)

   Int:       It affects your intelligence (-3).
   rPois:     It protects you from poison.
   SInv:      It lets you see invisible.
   Will:      It increases your willpower.
Magical Staves
 a - a staff of fire (weapon)
 b - a staff of earth
 y - a staff of poison
 P - a staff of cold
Jewellery
 A - the ring of the Tortoise (left hand) {AC+8}
   (You bought it in a shop on level 2 of the Orcish Mines)

   [ring of protection]

   AC:        It affects your AC (+8).
 E - a +4 ring of evasion (right hand)
 H - an amulet of reflection
 I - a ring of see invisible
 J - a ring of protection from cold
 V - an amulet of the acrobat (around neck)
Wands
 e - a wand of quicksilver (5)
 g - a wand of paralysis (4)
 m - a wand of mindburst (9)
 p - a wand of polymorph (10)
 v - a wand of flame (36)
Scrolls
 i - 2 scrolls of poison
 k - 6 scrolls of amnesia
 n - 3 scrolls of fear
 q - 4 scrolls of magic mapping
 s - 9 scrolls of noise
 t - 2 scrolls of teleportation
 u - 2 scrolls of blinking
 x - 5 scrolls of enchant armour
 z - a scroll of silence
 D - 3 scrolls of immolation
 G - 11 scrolls of identify
 S - a scroll of enchant weapon
 X - 2 scrolls of summoning
 Y - 4 scrolls of fog
Potions
 c - 3 potions of attraction
 d - 8 potions of haste
 h - 7 potions of curing
 j - a potion of resistance
 l - 2 potions of ambrosia
 o - 3 potions of heal wounds
 r - 5 potions of brilliance
 w - 5 potions of mutation
 M - 4 potions of lignification
 O - a potion of invisibility
 Q - 2 potions of cancellation
 W - 3 potions of might


   Skills:
 - Level 4.0 Fighting
 - Level 3.0(10.0) Maces & Flails
 - Level 14.7(14.8) Staves
 - Level 1.0 Throwing
 - Level 6.0 Armour
 - Level 7.0 Dodging
 - Level 4.0 Shields
 - Level 3.0 Spellcasting
 - Level 2.1 Transmutations
 - Level 18.0 Fire Magic
 + Level 10.3 Earth Magic
 - Level 1.0 Poison Magic
 - Level 10.0 Invocations
 - Level 10.0 Evocations


You had 13 spell levels left.
You knew the following spells:

 Your Spells              Type           Power      Damage    Failure   Level
b - Blink                 Tloc           4%         N/A       58%         2
w - Flame Wave            Conj/Fire      40%        2d9       12%         4
z - Scorch                Fire           100%       2d10      1%          2

Your spell library contained the following spells:

 Spells                   Type           Power      Damage    Failure   Level
 Ignite Poison            Fire/Tmut/Pois 32%        N/A       9%          3
 Sting                    Tmut/Pois      24%        1d4       26%         1
 Magic Dart               Conj           8%         1d3       43%         1
 Shock                    Conj/Air       8%         1d3       43%         1
 Leda's Liquefaction      Hex/Erth       8%         N/A       50%         4
 Poisonous Vapours        Pois/Air       6%         N/A       52%         2
 Ensorcelled Hibernation  Hex/Ice        4%         N/A       58%         2
 Searing Ray              Conj           4%         2d4       58%         2
 Spider Form              Tmut/Pois      6%         N/A       58%         3
 Call Canine Familiar     Summ           2%         N/A       82%         3
 Dazzling Flash           Conj/Hex       4%         N/A       82%         3
 Portal Projectile        Hex/Tloc       4%         N/A       82%         3
 Swiftness                Air            2%         N/A       82%         3
 Tukima's Dance           Hex            2%         N/A       82%         3
 Airstrike                Air            1%         N/A       99%         4
 Anguish                  Hex/Necr       1%         N/A       99%         4
 Cause Fear               Hex            1%         N/A       99%         4
 Corpse Rot               Necr/Pois/Air  3%         N/A       99%         4
 Fulminant Prism          Conj/Hex       1%         3d6       99%         4
 Summon Lightning Spire   Summ/Air       2%         N/A       99%         4
 Freezing Cloud           Conj/Ice/Air   1%         6-21      100%        5
 Lightning Bolt           Conj/Air       1%         1d12      100%        5
 Manifold Assault         Tloc           2%         N/A       100%        5
 Silence                  Hex/Air        1%         N/A       100%        5
 Summon Forest            Summ/Tloc      1%         N/A       100%        5
 Summon Mana Viper        Hex/Summ       2%         N/A       100%        5
 Dispersal                Tloc           1%         N/A       100%        6
 Simulacrum               Ice/Necr       1%         N/A       100%        6
 Summon Cactus Giant      Summ           1%         N/A       100%        6
 Dragon Form              Tmut           4%         N/A       100%        7
 Storm Form               Tmut/Air       2%         N/A       100%        7
 Disjunction              Tloc           1%         N/A       100%        8
 Dragon's Call            Summ           1%         N/A       100%        9
 Polar Vortex             Ice            1%         N/A       100%        9


Dungeon Overview and Level Annotations

Branches:
Dungeon (15/15)            Temple (1/1) D:6            Lair (6/6) D:9
  Swamp (0/4) Lair:3        Snake (0/4) Lair:4        Slime (0/5) Lair:6
    Orc (2/2) D:10            Elf (0/3) Orc:2        Vaults (0/5) D:14
 Depths (1/4) D:15

Altars:
Ashenzari
Cheibriados
Dithmenos
Elyvilon
Fedhas
Gozag
Hepliaklqana
Kikubaaqudgha
Makhleb
Nemelex Xobeh
Okawaru
Qazlal
Ru
Sif Muna
Trog
Uskayaw
Vehumet
Wu Jian
Xom
Yredelemnul
Zin
The Shining One
Jiyva
Lugonu

Shops:
D:1 (   D:5 =:   D:14 !   Orc:1 =   Orc:2 =*[(

Portals:
Abyss: Lair:6


Message History

Okay, then.
Okay, then.
Okay, then.
Unknown command.
Saving game... please wait.
Welcome back, Armakuni the Human Wanderer.
Elyvilon says: Go forth and aid the weak!
Press ? for a list of commands and other information.
Okay, then.
Okay, then.
Unknown command.
Okay, then.
Okay, then.
Unknown command.
Okay, then.
Okay, then.
Unknown command.
You drop 7 potions of flight.
Okay, then.
Okay, then.
Okay, then.
Okay, then.
Okay, then.
Unknown command.
Okay, then.
Unknown command.
Okay, then.
Unknown command.
Okay, then.
Okay, then.
Okay, then.
Okay, then.
Unknown command.
There is a stone staircase leading down here.
(D) Dungeon (T) Temple (L) Lair (S) Swamp (P) Snake Pit (M) Slime Pits (O) Orcish Mines (E) Elven Halls (V) Vaults (U) Depths
Where to? (? - help)
Okay, then.
Are you sure you want to abandon this character and quit the game? (Confirm with "yes".)

### ### ### ### ###
#####.####.######.####.########.#
................@<...............
............#######'##....#######
####.#....(..#.####.##....#......
####..#.....##......##....#......
##...##.....##......##...........
.P..........##......#.....#......
.....##.....#P......##...........
.....#......##......##...........
##...#......####.#..#.....#......


There were no monsters in sight!

Vanquished Creatures
  Rupert (D:14)
  Jorgrun (D:14)
  A sphinx (Depths:1)
  Gastronok (D:9)
  The ghost of Gahoodgh the Fighter, an adept HuCj of Okawaru (D:15)
  An orc warlord (Orc:2)
  Snorg (D:14)
  An ettin (D:15)
  Josephine (D:15)
  4 boulder beetles
  2 catoblepae
  11 hydras
  An ogre mage (D:15)
  7 two-headed ogres
  5 centaur warriors
  A deep troll earth mage (Depths:1)
  4 death yaks (Lair:4)
  2 tengu warriors
  4 thrashing horrors (Lair:6)
  A spriggan berserker (Depths:1)
  3 orc high priests (Orc:2)
  A fire crab (D:12)
  A skeletal warrior (D:14)
  The ghost of manyhoops the Summoner, a journeyman FeSu of Gozag (Lair:2)
  3 deep trolls (D:15)
  A wizard (D:14)
  An ugly thing (Lair:6)
  5 orc sorcerers (Orc:2)
  5 orc knights
  2 deep elf pyromancers
  7 cyclopes
  A rust devil (D:13)
  3 manticores
  4 elephants (Lair:4)
  2 moths of wrath (Lair:2)
  7 smoke demons
  5 black mambas
  3 gargoyles
  9 cane toads
  3 centaur skeletons (D:14)
  A kobold demonologist (D:10)
  An efreet (D:15)
  5 rime drakes
  Psyche (D:12)
  8 komodo dragons
  A red devil (D:13)
  2 ice devils (D:13)
  4 tengu conjurers (D:15)
  6 trolls
  3 meliai (D:15)
  3 polar bears
  A wolf spider simulacrum (Lair:2)
  An ancient zyme (Lair:6)
  3 hornets
  21 blink frogs
  8 slime creatures
  5 spriggans
  A ynoxinul (Lair:6)
  A shadow (D:10)
  2 dire elephant simulacra (Lair:2)
  55 yaks
  3 wyverns
  Grum (D:8)
  A fire elemental (Lair:3)
  9 humans (D:9)
  2 fire bats (Lair:3)
  4 wraiths (D:15)
  7 basilisks
  11 vampire mosquitoes
  A neqoxec (D:13)
  2 large abominations (Lair:6)
  4 chaos spawn
  2 nagas (Lair:4)
  2 steam dragons
  A warg (Orc:2)
  4 swamp worms (Lair:3)
  3 acid dragons
  8 water moccasins
  A sky beast (D:7)
  34 orc warriors
  2 swamp drakes (Lair:3)
  2 ice beasts
  2 black bears
  6 boggarts
  8 ogres
  14 wolves
  16 centaurs
  2 phantoms
  10 small abominations (Lair:6)
  10 kobold brigands
  16 bullfrogs
  A scorpion (D:7)
  A cane toad simulacrum (Lair:2)
  17 wights
  21 killer bees
  3 howler monkeys
  2 electric eels (D:13)
  A gnoll shaman (D:10)
  7 jellies
  25 orc priests
  4 hounds
  Jessica (D:3)
  An iguana (D:4)
  Ijyb (D:9)
  Terence (D:3)
  30 orc wizards
  5 hell rats (Lair:5)
  A boggart skeleton (D:14)
  A bullfrog simulacrum (Lair:2)
  12 adders
  4 gnolls (D:10)
  A shadow imp (D:6)
  2 white imps
  A worm zombie (D:8)
  5 worms
  3 dart slugs
  104 orcs
  5 endoplasms
  3 giant cockroaches
  9 goblins
  12 hobgoblins
  4 jackals
  3 quokkas
  6 ball pythons
  7 bats
  3 frilled lizards
  A jackal zombie (D:8)
  38 kobolds
  An orc zombie (D:8)
  9 rats
795 creatures vanquished.

Vanquished Creatures (others)
  A fire dragon (Depths:1)
  A wizard (D:14)
  A wraith (D:15)
  A small abomination (Lair:6)
  An orc (D:14)
  5 demonic plants (D:13)
  47 fungi
  61 plants
118 creatures vanquished.

Grand Total: 913 creatures vanquished

Notes
Turn   | Place    | Note
-------+----------+-------------------------------------------
     0 | D:1      | Armakuni the Human Wanderer began the quest for the Orb.
     0 | D:1      | Armakuni set off with the following items: a +2 mace, a
                  | wand of polymorph (7), a scroll of summoning, a +0 leather
                  | armour; and the following spell memorised: Sting; and the
                  | following spells available to memorise: Ignite Poison.
     0 | D:1      | Reached XP level 1. HP: 13/13 MP: 4/4
   519 | D:1      | Reached XP level 2. HP: 16/20 MP: 3/6
   618 | D:1      | Reached skill level 1 in Fighting
   618 | D:1      | Reached skill level 1 in Transmutations
   922 | D:1      | Found Bumaut's Weapon Emporium.
   946 | D:1      | Reached XP level 3. HP: 22/26 MP: 2/7
  1441 | D:2      | Reached XP level 4. HP: 16/33 MP: 3/8
  1791 | D:2      | Reached skill level 1 in Staves
  2112 | D:2      | Found a faded altar of an unknown god.
  2601 | D:3      | Reached XP level 5. HP: 34/38 MP: 4/9
  2762 | D:1      | Bought a +0 quarterstaff for 48 gold pieces
  3241 | D:3      | Noticed Jessica
  3249 | D:3      | Killed Jessica
  3472 | D:3      | Found an ornate altar of the Wu Jian Council.
  3551 | D:3      | Found a white marble altar of Elyvilon.
  3560 | D:3      | Became a worshipper of Elyvilon the Healer
  3576 | D:3      | Learned a level 2 spell: Blink
  3742 | D:3      | Noticed Terence
  3755 | D:3      | Killed Terence
  3756 | D:3      | Reached XP level 6. HP: 15/44 MP: 2/10
  4215 | D:4      | Noticed an ogre
  4228 | D:5      | Entered Level 5 of the Dungeon
  4552 | D:5      | Found Qeypannula's Book Boutique.
  4554 | D:5      | Noticed an ogre
  4562 | D:5      | Killed an ogre
  4563 | D:5      | Reached XP level 7. HP: 30/50 MP: 11/11
  4845 | D:5      | Reached * piety under Elyvilon
  4894 | D:5      | Found Ymodwig's One-of-a-Kind Rings.
  4940 | D:5      | Reached skill level 5 in Evocations
  5147 | D:4      | Reached skill level 1 in Invocations
  5236 | D:4      | Identified the +7 dagger "Amadd" {venom, Int+4}
  5521 | D:4      | Found a radiant altar of Vehumet.
  5541 | D:4      | Reached XP level 8. HP: 58/58 MP: 12/12
  5660 | D:4      | Reached skill level 1 in Throwing
  6193 | D:5      | Reached ** piety under Elyvilon
  6286 | D:5      | Reached skill level 5 in Staves
  6676 | D:6      | Found a staircase to the Ecumenical Temple.
  6715 | Temple   | Entered the Ecumenical Temple
  7015 | D:6      | Reached skill level 1 in Shields
  7020 | D:6      | Reached XP level 9. HP: 35/65 MP: 13/13
  7322 | D:6      | Found an iron altar of Okawaru.
  7931 | D:6      | Reached *** piety under Elyvilon
  8671 | D:7      | Reached skill level 10 in Staves
  9782 | D:7      | Reached XP level 10. HP: 44/71 MP: 14/14
 10099 | D:7      | Reached **** piety under Elyvilon
 10102 | D:7      | Found a stormy altar of Qazlal.
 10273 | D:8      | Noticed Grum
 10297 | D:8      | Killed Grum
 10783 | D:8      | Paralysed by a hornet for 2 turns
 11273 | D:8      | Reached skill level 1 in Fire Magic
 11295 | D:8      | Found a blossoming altar of Fedhas.
 11418 | D:8      | Reached skill level 2 in Fire Magic
 11418 | D:8      | Reached skill level 5 in Invocations
 11745 | D:9      | Noticed Ijyb
 11782 | D:9      | Reached skill level 3 in Fire Magic
 11783 | D:9      | Killed Ijyb
 11803 | D:9      | Reached skill level 5 in Fire Magic
 11803 | D:9      | Reached XP level 11. HP: 59/77 MP: 12/17
 12054 | D:9      | Found a bloodstained altar of Trog.
 12056 | D:9      | Noticed a two-headed ogre
 12071 | D:9      | Killed a two-headed ogre
 12495 | D:9      | Noticed Gastronok
 12728 | D:9      | Killed Gastronok
 13222 | D:9      | Reached skill level 10 in Invocations
 13350 | D:9      | Noticed a two-headed ogre
 13364 | D:9      | Killed a two-headed ogre
 13475 | D:9      | Reached XP level 12. HP: 5/83 MP: 14/19
 13835 | D:9      | Found a staircase to the Lair.
 13955 | D:10     | Entered Level 10 of the Dungeon
 14022 | Lair:1   | Entered Level 1 of the Lair of Beasts
 14399 | Lair:1   | Elyvilon protects you from harm!
 14886 | Lair:1   | Reached skill level 10 in Evocations
 15102 | Lair:1   | Reached skill level 6 in Fire Magic
 15732 | Lair:2   | Found a transporter.
 15735 | Lair:2   | Noticed a spriggan rider
 15736 | Lair:2   | Noticed manyhoops's ghost (journeyman FeSu)
 15761 | Lair:2   | Found a bloodstained altar of Trog.
 15966 | Lair:2   | Found a transporter.
 16257 | Lair:2   | Reached skill level 7 in Fire Magic
 16433 | Lair:2   | Found a transporter.
 17071 | Lair:2   | Found a transporter.
 17554 | Lair:3   | HP: 3/83 [komodo dragon (14)]
 17929 | Lair:2   | Reached skill level 8 in Fire Magic
 18325 | Lair:3   | Identified the +6 whip "Pendulum" {venom, *Corrode +Blink
                  | rPois Stlth+}
 18421 | Lair:3   | Reached skill level 9 in Fire Magic
 18608 | Lair:3   | Reached XP level 13. HP: 55/88 MP: 20/20
 18791 | Lair:3   | Noticed a four-headed hydra
 18806 | Lair:3   | Killed a four-headed hydra
 18892 | Lair:3   | Noticed a four-headed hydra
 18935 | Lair:3   | Killed a four-headed hydra
 18936 | Lair:3   | Reached skill level 10 in Fire Magic
 19796 | Lair:3   | Found a staircase to the Swamp.
 19966 | Lair:3   | Reached skill level 1 in Armour
 20052 | Lair:4   | Found a staircase to the Snake Pit.
 20339 | Lair:4   | Identified the +1 trident "Keukygem" {holy, Will+}
 20393 | Lair:4   | Noticed a seven-headed hydra
 20397 | Lair:4   | Killed a seven-headed hydra
 20398 | Lair:4   | Reached skill level 5 in Dodging
 21894 | Lair:5   | Noticed a four-headed hydra
 21909 | Lair:5   | Killed a four-headed hydra
 21984 | Lair:5   | Noticed a four-headed hydra
 21994 | Lair:5   | Killed a four-headed hydra
 22195 | Lair:5   | Found the +2 hat of the Bear Spirit {Spirit, *Rage Will++}
 22235 | Lair:5   | Reached skill level 5 in Armour
 22753 | Lair:5   | You fall into a shaft and drop 1 floor!
 22753 | Lair:6   | Entered Level 6 of the Lair of Beasts
 22778 | Lair:6   | Noticed a catoblepas
 22800 | Lair:6   | Reached XP level 14. HP: 95/95 MP: 19/21
 23004 | Lair:6   | Elyvilon protects you from harm!
 23034 | Lair:6   | Reached skill level 11 in Fire Magic
 23400 | Lair:6   | Found a staircase to the Slime Pits.
 23401 | Lair:6   | Found a viscous altar of Jiyva.
 23603 | Lair:6   | Reached skill level 12 in Fire Magic
 24450 | Lair:6   | Reached skill level 13 in Fire Magic
 25619 | Lair:6   | Reached skill level 14 in Fire Magic
 25746 | Lair:6   | Found a corrupted altar of Lugonu.
 25746 | Lair:6   | Found a one-way gate to the infinite horrors of the Abyss.
 25927 | Lair:1   | Upgraded the game from 0.29-a0-723-gce39da1c22 to
                  | 0.29-a0-732-g3d7fbe0af2
 25930 | Lair:1   | Learned a level 2 spell: Scorch
 25935 | Lair:1   | Learned a level 4 spell: Flame Wave
 25972 | D:10     | Found an ancient bone altar of Kikubaaqudgha.
 26185 | D:10     | Found a staircase to the Orcish Mines.
 26699 | Orc:1    | Entered Level 1 of the Orcish Mines
 26954 | Orc:1    | Found Baonub's Jewellery Shop.
 27113 | Orc:2    | Entered Level 2 of the Orcish Mines
 27117 | Orc:2    | Reached XP level 15. HP: 100/100 MP: 22/22
 27326 | Orc:2    | Found a staircase to the Elven Halls.
 27363 | Orc:2    | Noticed an orc warlord
 27390 | Orc:2    | Killed an orc warlord
 27391 | Orc:2    | Reached skill level 15 in Fire Magic
 28125 | Orc:2    | Found Puha's General Store.
 28126 | Orc:2    | Found Lucramp's Jewellery Boutique.
 28128 | Orc:2    | Found Uxkotod's Antique Armour Boutique.
 28128 | Orc:2    | Found Pishuzif's Antique Weapon Shop.
 28781 | Orc:1    | Reached skill level 16 in Fire Magic
 29002 | Orc:2    | Bought the ring of the Tortoise {AC+8} for 1664 gold pieces
 29002 | Orc:2    | Found the ring of the Tortoise {AC+8}
 29705 | Lair:2   | Killed manyhoops's ghost
 30609 | D:12     | Noticed Psyche
 30617 | D:12     | Killed Psyche
 30994 | D:12     | Noticed Nessos
 31006 | D:12     | Noticed Nessos
 31006 | D:12     | Nessos changed into Nessos the fire crab
 31023 | D:12     | Killed Nessos the fire crab
 31024 | D:12     | Reached skill level 17 in Fire Magic
 32821 | D:14     | Noticed Jorgrun
 32824 | D:14     | Noticed Snorg
 32835 | D:14     | Killed Jorgrun
 32836 | D:14     | Reached XP level 16. HP: 106/106 MP: 20/23
 32850 | D:14     | Killed Snorg
 32866 | D:14     | Reached skill level 18 in Fire Magic
 33087 | D:14     | Reached ***** piety under Elyvilon
 33108 | D:14     | Reached skill level 1 in Earth Magic
 33145 | D:14     | Got the Volume of Beguiling
 33392 | D:14     | Found Caukiqerch's Distillery.
 33398 | D:14     | Bought a potion of heal wounds for 75 gold pieces
 33398 | D:14     | Bought 2 potions of might for 120 gold pieces
 33433 | D:14     | Noticed Rupert
 33443 | D:14     | Killed Rupert
 33752 | D:14     | Reached skill level 5 in Earth Magic
 34331 | D:14     | Found a gate to the Vaults.
 34438 | D:15     | Entered Level 15 of the Dungeon
 35521 | D:15     | Found a staircase to the Depths.
 35730 | D:15     | Found a runed translucent door.
 35973 | D:15     | Noticed Josephine
 35975 | D:15     | Found a bloodstained altar of Trog.
 35995 | D:15     | Killed Josephine
 36124 | D:15     | Noticed Gahoodgh's ghost (adept HuCj)
 36150 | D:15     | Killed Gahoodgh's ghost
 36156 | D:15     | Identified the +4 ring mail of a wizard's laboratory {rPois
                  | Will+ Int-3 SInv}
 36444 | Depths:1 | Entered Level 1 of the Depths
 36451 | Depths:1 | Noticed a sphinx
 36457 | Depths:1 | Noticed a frost giant
 36473 | Depths:1 | Killed a sphinx
 36474 | Depths:1 | Reached skill level 10 in Earth Magic
 36968 | Lair:1   | Quit the game

Illustrated notes

Levels and vault maps discovered:
D:1:      tarquinn_simple_flora_water_a, layout_loops_ring, serial_shops,
          nicolae_shop_bloodbath_and_beyond, minmay_close_crescents
D:2:      layout_basic, shapermc_ecumenical_altar_mp_vishouse
D:3:      layout_rooms, elyvilon_altar_1, nicolae_wu_jian_glorious_leap,
          dreamdust_princess_bridge, uniq_jessica, uniq_terence
D:4:      layout_basic, fiery_altar_vehumet, hex_medium
D:5:      layout_basic, serial_shops, shop_statue, interstate_on_off,
          ebering_dispersal_statue_hall, nicolae_shop_unique_rings
D:6:      layout_cave_pods, kennysheep_okawaru_gauntlet,
          minmay_temple_entry_sparse_star, minmay_manual_mares
D:7:      layout_loops_corners, lemuel_coloured_pillars_altar,
          grunt_ministairs_5
D:8:      layout_loops_ring, kennysheep_mini, enter_ossuary_3, minmay_orc_keep,
          uniq_grum
D:9:      erik_cavepeople, layout_long_grid, lemuel_doored_altar,
          grunt_lair_entry_orc_guard_hut, nrook_pool_corridor, uniq_gastronok
D:10:     layout_basic, kiku_gazebo_pond_becter, hiddenorc2_lemuel
D:11:     layout_basic
D:12:     layout_roguey, uniq_nessos, uniq_psyche
D:13:     layout_irregular_city, serial_demonic, serial_demonic_d,
          serial_demonic_f, serial_demonic_b, serial_demonic_c,
          kennysheep_pointless_box, kennysheep_generic_room_10
D:14:     layout_irregular_city, hangedman_vaults_entry_quadrant_bands,
          hangedman_decor_growths, serial_shops, shop, uniq_jorgrun, uniq_snorg,
          uniq_rupert
D:15:     hangedman_depths_entry_civil_slaughter, layout_loops_ring,
          serial_bayou, serial_bayou_ford_a, serial_bayou_pond_b,
          serial_bayou_shore_b, serial_bayou_pond_a, corexii_hall_statues_u,
          ebering_ghost_reflecting_pool, minmay_misc_feat_plants,
          grunt_ministairs_1, tgw_trog, uniq_josephine
Temple:   jpeg_temple_clearing
Lair:1:   layout_regular_city, lemuel_fruit_tree
Lair:2:   gammafunk_cloud_chamber, layout_regular_city,
          gammafunk_ghost_wrathful_warriors
Lair:3:   layout_gridlike, palyth_hydra_swamp_entry, pond
Lair:4:   layout_misc_corridors, guppyfry_snake_entry_garden,
          infiniplex_staircase_pool, grunt_megastairs_2, serial_bayou_shore_b,
          serial_bayou_shore_b
Lair:5:   layout_gridlike, basic_altar, grunt_megastairs_3
Lair:6:   hellmonk_lair_end_abyssal_woods, layout_cave_pods,
          nicolae_slime_entry_slimehenge
Orc:1:    layout_caves, minmay_shop_enchanted_jewellery
Orc:2:    st_orc_congregation, layout_caves, mines4_lemuel
Depths:1: layout_honeycomb, hellmouth_3, abyss_entry, minmay_the_grid_2x2
          [minmay_the_grid_minigrid_medium, minmay_the_grid_rooms,
          minmay_the_grid_minigrid_small, minmay_the_grid_prize_inner_circle]

Skill      XL: |  1  2  3  4  5  6  7  8  9 10 11 12 13 14 15 16 |
---------------+-------------------------------------------------+-----
Fighting       | 1 2 3 4 |  4.0
Transmutations | 1 2 |  2.1
Staves         | 2 3 4 5 12 13 14 | 14.7
Evocations     | 2 5 6 8 10 | 10.0
Invocations    | 1 8 10 | 10.0
Throwing       | 1 |  1.0
Shields        | 1 4 |  4.0
Fire Magic     | 5 9 10 14 17 18 | 18.0
Armour         | 5 6 |  6.0
Dodging        | 7 |  7.0
Earth Magic    | 10 | 10.3
Maces & Flails | |  3.0
Spellcasting   | |  3.0
Poison Magic   | |  1.0

Action                   |  1- 3 |  4- 6 |  7- 9 | 10-12 | 13-15 | 16-18 || total
-------------------------+-------+-------+-------+-------+-------+-------++-------
Melee: Mace              |    56 |    36 |       |       |       |       ||    92
       Quarterstaff      |       |    84 |   173 |   669 |    11 |       ||   937
       Dagger            |       |       |    56 |       |       |       ||    56
       Staff             |       |       |       |   214 |  1415 |   414 ||  2043
       Punch             |       |       |       |     4 |     5 |       ||     9
Throw: Dart              |       |       |     8 |     9 |     3 |       ||    20
 Cast: Sting             |    25 |    48 |    19 |     9 |       |       ||   101
       Flame Wave        |       |       |       |       |     8 |     3 ||    11
       Scorch            |       |       |       |       |     3 |     1 ||     4
Invok: Purification      |       |       |     1 |     4 |    14 |     4 ||    23
       Heal Self         |       |       |       |    24 |    25 |     7 ||    56
       Heal Other        |       |       |       |       |       |     1 ||     1
Evoke: Wand              |       |       |    31 |    12 |    36 |       ||    79
  Use: Scroll            |     3 |     8 |     3 |     9 |     8 |     2 ||    33
       Potion            |     2 |     3 |     1 |     3 |     2 |     3 ||    14
 Stab: Petrified         |       |       |       |       |     6 |       ||     6
       Distracted        |       |       |       |       |       |     1 ||     1
Armor: Leather armour    |    35 |    29 |       |       |       |       ||    64
       Ring mail         |       |    13 |    63 |   159 |   240 |    13 ||   488
       Scale mail        |       |       |       |       |   182 |   225 ||   407
Dodge: Dodged            |    59 |   123 |   148 |   547 |   914 |   324 ||  2115
Block: Buckler           |       |       |       |       |   219 |   110 ||   329

Table legend: (Time is in decaauts)
 A = Elapsed time spent in this place.
 B = Non-inter-level travel time spent in this place.
 C = Inter-level travel time spent in this place.
 D = Time resting spent in this place.
 E = Time spent auto-exploring this place.
 F = Levels seen in this place.
 G = Mean time per level.
                   A        B        C        D        E       F      G
               +--------+--------+--------+--------+--------+-----+--------+
         Total |  36338 |  34815 |   1523 |   6479 |  22131 |  25 | 1453.5 |
       Dungeon |  21386 |  20502 |    884 |   3346 |  13516 |  15 | 1425.7 |
        Temple |    267 |    250 |     17 |      0 |    236 |   1 |  267.0 |
          Lair |  12304 |  11885 |    419 |   2776 |   7082 |   6 | 2050.7 |
  Orcish Mines |   2348 |   2145 |    203 |    356 |   1296 |   2 | 1174.0 |
        Depths |     32 |     32 |      0 |      0 |      0 |   1 |   32.0 |
               +--------+--------+--------+--------+--------+-----+--------+

Top non-repeatable levels by time:
  Lair:6: 3021 daAuts
  Lair:2: 2826 daAuts
     D:9: 2322 daAuts
    D:15: 2276 daAuts
  Lair:3: 1938 daAuts
  Lair:4: 1843 daAuts
     D:2: 1832 daAuts
  Lair:1: 1762 daAuts
   Orc:2: 1744 daAuts
    D:14: 1670 daAuts
     D:7: 1653 daAuts
     D:6: 1515 daAuts
     D:5: 1495 daAuts
     D:8: 1482 daAuts
     D:1: 1337 daAuts
